 Dungeon Crawl Stone Soup version 0.22-a0-455-ga0624bf (webtiles) character file.

195 MisterFreud the Chopper (level 6, -5/47 HPs)
             Began as a Formicid Fighter on June 5, 2018.
             Killed from afar by pk666's ghost (7 damage)
             ... with a flame tongue
             ... on level 3 of the Dungeon.
             The game lasted 00:05:51 (2955 turns).

MisterFreud the Chopper (Formicid Fighter)          Turns: 2955, Time: 00:05:51

Health: -5/47      AC:  6    Str: 22    XL:     6   Next: 4%
Magic:  6/6        EV:  8    Int:  8    God:
Gold:   181        SH:  9    Dex: 10    Spells: 5/5 levels left

rFire    . . .     SeeInvis +   a - +0 war axe
rCold    . . .     Gourm    .   c - +0 shield
rNeg     . . .     Faith    .   b - +0 scale mail
rPois    .         Spirit   .   (helmet unavailable)
rElec    .         Reflect  .   (no cloak)
rCorr    .         Harm     .   (no gloves)
MR       .....                  (no boots)
Stlth    ..........             (no amulet)
HPRegen  0.15/turn              (no ring)
MPRegen  0.10/turn              (no ring)

@: no status effects
A: permanent stasis, dig shafts and tunnels, four strong arms, antennae 3
a: Dig, Shaft Self


You were on level 3 of the Dungeon.
You were not hungry.

You visited 1 branch of the dungeon, and saw 3 of its levels.

You collected 181 gold pieces.

Inventory:

Hand Weapons
 a - a +0 war axe (weapon)
Armour
 b - a +0 scale mail (worn)
 c - a +0 shield (worn)
 d - a +0 pair of gloves
Scrolls
 h - 3 scrolls of remove curse {unknown}
 i - 5 scrolls of identify {unknown}
 k - a scroll of teleportation {unknown}
Potions
 e - 3 potions of curing {unknown}
 g - 2 potions of mutation {unknown}
 j - a potion of cancellation {unknown}
Comestibles
 f - 4 rations
 l - a chunk of flesh


   Skills:
 - Level 3.2 Fighting
 + Level 5.8 Axes
 - Level 3.2 Armour
 - Level 3.6 Shields


You had 5 spell levels left.
You didn't know any spells.
Your spell library was empty.

Dungeon Overview and Level Annotations

Branches:
Dungeon (3/15)

Altars:
Nemelex Xobeh

Annotations:
D:3 pk666's ghost, amateur DEFE


Innate Abilities, Weirdness & Mutations

You cannot be hasted, slowed, berserked, paralysed or teleported.
You can dig through walls and to a lower floor.
Your four strong arms can wield two-handed weapons with a shield.
You have a pair of large antennae on your head. (SInv)


Message History

Pk666's ghost gestures at you while chanting.
You block the flame tongue. You block pk666's ghost's attack.
You barely miss pk666's ghost.
Pk666's ghost is almost destroyed.
Pk666's ghost points at you and mumbles some strange words.
The flame tongue hits you!
* * * LOW HITPOINT WARNING * * *
You closely miss pk666's ghost.
Pk666's ghost is almost destroyed.
Pk666's ghost hits you but does no damage.
Your shield prevents you from hitting pk666's ghost.
Pk666's ghost is almost destroyed.
Pk666's ghost hits you.
* * * LOW HITPOINT WARNING * * *
Pk666's ghost hits you but does no damage.
You hit pk666's ghost.
Pk666's ghost is almost destroyed.
Pk666's ghost casts a spell at you. The flame tongue hits you!
You die...

## # .#.# # ##### ...#
#.##...## ..#.....
#.#.....# #.......
.......# ..###..#
#.....# ### #[..# { #W#
#+## #@# ##...##
#####$##### ###.....##
#.........#
##.......###!##..###.#
..........##.#...## #
+.........'.......##%###
#.W.....).##.#.........#
##.<.....# #.......>.#.#
##.....## ###.#)#####


You could see pk666's ghost.

Vanquished Creatures
  Natasha (thrice) (D:2)
  2 gnolls (D:1)
  4 adders
  An ooze (D:1)
  3 worms
  A dart slug (D:2)
  A giant cockroach (D:2)
  8 goblins
  5 hobgoblins
  2 jackals
  9 kobolds
  A ball python (D:1)
  8 bats
  A frilled lizard (D:1)
  9 rats
58 creatures vanquished.

Notes
Turn   | Place    | Note
-------+----------+-------------------------------------------
     0 | D:1      | MisterFreud the Formicid Fighter began the quest for the Orb.
     0 | D:1      | Reached XP level 1. HP: 18/18 MP: 1/1
   321 | D:1      | Reached XP level 2. HP: 24/24 MP: 2/2
   503 | D:1      | Reached skill level 3 in Axes
   547 | D:1      | Reached XP level 3. HP: 29/29 MP: 3/3
  1090 | D:2      | Reached skill level 4 in Axes
  1090 | D:2      | Reached XP level 4. HP: 35/35 MP: 4/4
  1099 | D:2      | Noticed Natasha
  1122 | D:2      | Killed Natasha
  1378 | D:2      | Noticed Natasha
  1391 | D:2      | Killed Natasha
  1391 | D:2      | Reached XP level 5. HP: 13/41 MP: 5/5
  1602 | D:2      | Noticed Natasha
  1619 | D:2      | Killed Natasha
  1619 | D:2      | Reached skill level 5 in Axes
  1850 | D:2      | Found a sparkling altar of Nemelex Xobeh.
  2405 | D:3      | Noticed pk666's ghost (amateur DEFE)
  2730 | D:3      | Reached XP level 6. HP: 43/47 MP: 6/6
  2954 | D:3      | HP: 2/47 [pk666's ghost (4)]
  2955 | D:3      | Killed from afar by pk666's ghost

Vault maps used:
D:1:      dpeg_arrival_three_same_balls
D:2:      nemelex_xobeh_ov_fountains_minmay, mrwooster_statue_mirror,
          minmay_quantized, uniq_natasha
D:3:      grunt_ministairs_10

Skill      XL: |  1  2  3  4  5 |
---------------+----------------+-----
Axes           | 3 4 5 |  5.8
Fighting       | |  3.2
Armour         | |  3.2
Shields        | |  3.6

Action                   |  1- 3 |  4- 6 || total
-------------------------+-------+-------++-------
Melee: War axe           |    92 |   129 ||   221
 Abil: Dig               |       |     1 ||     1
  Use: Potion            |       |     1 ||     1
  Eat: Chunk             |       |     4 ||     4
       Ration            |       |     1 ||     1
Armor: Scale mail        |    44 |    37 ||    81
Dodge: Dodged            |    43 |    30 ||    73
Block: Shield            |    53 |    81 ||   134

Table legend:
 A = Spawn XP
 B = Non-spawn XP
 C = Spawn XP percentage of total XP
 D = Spawn monster count
 E = Non-spawn monster count
 F = Spawn count percentage of total count
 G = Total turns spent on level
                    A         B        C        D         E        F      G
               +---------+---------+-------+---------+---------+-------+---------
         Total |       0 |     279 |   0.0 |       0 |      58 |   0.0 |  2955
               +---------+---------+-------+---------+---------+-------+---------
           D:1 |       0 |      58 |   0.0 |       0 |      20 |   0.0 |  1025
           D:2 |       0 |     195 |   0.0 |       0 |      32 |   0.0 |  1549
           D:3 |       0 |      26 |   0.0 |       0 |       6 |   0.0 |   381
               +---------+---------+-------+---------+---------+-------+---------
